 Dungeon Crawl Stone Soup version 0.30.1 (webtiles) character file.

Game seed: 4218603890069229016

51 javelincjr the Ducker (level 3, -3/30 HPs)
             Began as a Merfolk Monk on July 8, 2023.
             Was a Priest of Qazlal.
             Slain by Natasha (8 damage)
             ... on level 2 of the Dungeon.
             The game lasted 00:03:21 (1486 turns).

javelincjr the Ducker (Merfolk Monk)                Turns: 1486, Time: 00:03:24

Health: -3/30      AC:  5    Str: 13    XL:     3   Next: 83%
Magic:  3/3        EV: 13    Int:  9    God:    Qazlal [***...]
Gold:   119        SH:  3    Dex: 16    Spells: 2/2 levels left

rFire   . . .        l - +3 short sword
rCold   + + .        d - orb {light}
rNeg    . . .        e - +2 leather armour {rC+}
rPois   .            (no helmet)
rElec   .            (no cloak)
rCorr   .            (no gloves)
SInv    .            (no boots)
Will    .....        (no amulet)
Stlth   +            k - ring of protection from cold
HPRegen 0.25/turn    (no ring)
MPRegen 0.08/turn

%: no passive effects
@: glowing
A: (nimble swimmer 2), mertail
a: Renounce Religion, Upheaval, Elemental Force


You were on level 2 of the Dungeon.
You worshipped Qazlal.
Qazlal was most pleased with you.
You visited 1 branch of the dungeon, and saw 2 of its levels.

You collected 119 gold pieces.

Inventory:

Hand Weapons
 a - a +0 spear
 l - a +3 short sword (weapon)
 n - a +1 short sword of holy wrath
Armour
 b - a +0 robe
 d - an orb of light (worn)
 e - a +2 leather armour of cold resistance (worn)
Jewellery
 k - a ring of protection from cold (left hand)
 m - a ring of flight
Scrolls
 f - a scroll of teleportation {unknown}
 i - a scroll of identify {unknown}
 o - a scroll of fear {unknown}
Potions
 c - a potion of ambrosia
 g - a potion of curing {unknown}
 h - a potion of lignification {unknown}
 j - a potion of haste {unknown}


   Skills:
 + Level 3.9 Fighting
 + Level 1.2 Short Blades
 - Level 4.3 Polearms
 + Level 0.6 Armour
 + Level 4.7 Dodging


You had 2 spell levels left.
You didn't know any spells.
Your spell library was empty.

Dungeon Overview and Level Annotations

Branches:
Dungeon (2/15)

Altars:
Qazlal
Xom

Shops:
D:2 (

Annotations:
D:2 1 runed translucent door, Crazy Yiuf, Natasha


Innate Abilities, Weirdness & Mutations

((You are very nimble when in or above water. (Stealth+, EV+, Speed+++)))
Your lower body shifts to a powerful aquatic tail in water.


Message History

Natasha mumbles some strange words.
You hit the cerulean imp.
The cerulean imp is lightly wounded.
The cerulean imp hits you but does no damage.
The cerulean imp hits you from afar with a +0 spear.
You hit the cerulean imp.
The cerulean imp is heavily wounded.
Natasha mumbles some strange words.
The cerulean imp hits you with a +1 spear.
You completely miss the cerulean imp.
The cerulean imp is heavily wounded.
The cerulean imp closely misses you.
The cerulean imp hits you with a +1 spear.
You hit the cerulean imp.
The cerulean imp is severely wounded.
The cerulean imp hits you from afar with a +0 spear.
Natasha claws you.
The cerulean imp hits you but does no damage.
The cerulean imp closely misses you.
You hit Natasha.
Natasha is lightly wounded.
You block the cerulean imp's attack. Natasha barely misses you.
The cerulean imp misses you. The cerulean imp closely misses you.
You puncture Natasha!
Natasha is heavily wounded.
The cerulean imp closely misses you. Natasha barely misses you.
You block the cerulean imp's attack.
The cerulean imp hits you from afar with a +2 spear.
You hit Natasha.
Natasha is severely wounded.
The cerulean imp hits you from afar with a +0 spear.
You block Natasha's attack. The cerulean imp barely misses you.
You hit Natasha.
Natasha is severely wounded.
The cerulean imp hits you from afar with a +2 spear.
* * * LOW HITPOINT WARNING * * *
The cerulean imp hits you from afar with a +0 spear.
* * * LOW HITPOINT WARNING * * *
Natasha claws you!
You die...

#.### ###..♣..##.......
#...# #.'.♣♣♣.#........
###
###.###.#..♣..##.......
..# #.##..#.....###.....#
#.## #.#...#########....##
#..#
####.#.##.......##.#.##
##.#
#.......#5......##.### #.#
#.##...5.5...##.##.# #.#
#.##...@h..>....)..# #.#
#.##..°○.....##.#### ##
##.## #.###...........#
#####.
..#.######.###.#.........#
#.....
.###.............###...###
#.#...
#.#.#.#....<...........#
#.#...
##.##.#.....#.######...#
#.#... ####.#.....#.#
#...# #.##.. #.#.....#.#
#...# #.....


You could see Natasha and 3 cerulean imps.

Vanquished Creatures
  Natasha (D:2)
  A worm (D:2)
  An endoplasm (D:2)
  2 giant cockroaches
  3 goblins
  A hobgoblin (D:2)
  5 kobolds
  A ball python (D:1)
  5 bats
  4 frilled lizards
  4 rats
28 creatures vanquished.

Notes
Turn   | Place    | Note
-------+----------+-------------------------------------------
     0 | D:1      | javelincjr the Merfolk Monk began the quest for the Orb.
     0 | D:1      | Reached XP level 1. HP: 18/18 MP: 1/1
   544 | D:1      | Reached XP level 2. HP: 24/24 MP: 2/2
   780 | D:2      | Found Muphuly's Antique Weapon Shoppe.
   871 | D:2      | Found a shimmering altar of Xom.
   894 | D:2      | Found a faded altar of an unknown god.
   941 | D:2      | Prayed at the altar of an unknown god.
   941 | D:2      | Became a worshipper of Qazlal Stormbringer
   941 | D:2      | Reached * piety under Qazlal
   941 | D:2      | Reached ** piety under Qazlal
  1008 | D:2      | Found a runed translucent door.
  1009 | D:2      | Noticed Crazy Yiuf
  1165 | D:2      | Reached *** piety under Qazlal
  1166 | D:2      | Reached XP level 3. HP: 28/30 MP: 3/3
  1221 | D:2      | Noticed Natasha
  1226 | D:2      | Killed Natasha
  1227 | D:2      | Reached skill level 1 in Short Blades
  1475 | D:2      | Noticed Natasha
  1486 | D:2      | Slain by Natasha

Illustrated notes

Levels and vault maps discovered:
D:1:      shiori_arrival_elements, layout_loops_ring, minmay_3d_cube
D:2:      layout_loops_cross, basic_altar, serial_shops, nicolae_square_shop,
          shapermc_ecumenical_altar_starsandcircs, serial_bayou_pond_a,
          kennysheep_generic_room_13, uniq_crazy_yiuf_cottage, uniq_natasha

Skill      XL: |  1  2  3 |
---------------+----------+-----
Short Blades   | 1 |  1.2
Fighting       | |  3.9
Polearms       | |  4.3
Armour         | |  0.6
Dodging        | |  4.7

Action                     || total
---------------------------++-------
  Melee: Spear             ||    41
         Short sword       ||    43
         Tailslap          ||     3
 Armour: Leather armour    ||    19
  Dodge: Dodged            ||    41
  Block: Orb               ||     6
